AoeStats
← Comend x comend

Arena

509949762Analyzed
4v4 RM · 2d ago on Sep 28, 2026· 63m 55s· 8 players
Game mode
Random Map
Map size
Large (8 player)
Population
200
Speed
Normal
Resources
Standard
Victory
Conquest
Starting age
Dark Age
Ending age
Imperial Age
RankedLock teamsTeams togetherTeam positionsShared explorationLock speedFull tech treeHidden civsTurbo modeCheats
Victory
Defeat
🇧🇷 Lithuanians · Brazil
1454
+13
🇧🇷 Dravidians · Brazil
1370
+16
🇧🇷 Japanese · Brazil
1336
+18
🇧🇷 Huns · Brazil
1314
+20
🇵🇪 Cumans · Peru
1387
-17
🇵🇪 Bengalis · Peru
1385
-17
🇧🇷 Koreans · Brazil
1381
-17
🇮🇱 Khmer · Israel
1357
-16
MAMA YAGA
10:49 Feudal Age
10:43 Loom
15:08 Castle Age
13:24 Double-Bit Axe
13:25 Horse Collar
14:34 Gold Mining
17:08 Bow Saw
18:19 Heavy Plow
26:00 Wheelbarrow
32:07 Imperial Age
29:53 Pikeman
30:34 Squires
30:19 Arson
31:05 Scale Mail Armor
32:33 Chain Mail Armor
32:29 Forging
34:00 Gold Shaft Mining
33:42 Hand Cart
34:40 Two-Man Saw
33:17 Halberdier
34:08 Town Watch
35:56 Scale Barding Armor
38:06 Chain Barding Armor
40:03 Bloodlines
39:53 Husbandry
39:13 Light Cavalry
39:50 Cavalier
44:47 Iron Casting
45:31 Hussar
46:52 Plate Barding Armor
50:45 Blast Furnace
50:27 Caravan
51:22 Conscription
54:16 Coinage
57:46 Man-at-Arms
60:11 Ballistics
59:50 Long Swordsman
60:22 Two-Handed Swordsman
Phill Forest
11:40 Feudal Age
16:16 Castle Age
14:21 Double-Bit Axe
14:18 Horse Collar
17:18 Heavy Plow
17:29 Bow Saw
21:44 Wheelbarrow
23:36 Hand Cart
23:25 Gold Mining
23:26 Stone Mining
24:05 Loom
25:52 Gold Shaft Mining
26:20 Town Watch
28:46 Town Patrol
33:02 Imperial Age
31:11 Fortified Wall
31:22 Ballistics
30:43 Treadmill Crane
31:14 Scale Mail Armor
31:24 Forging
31:06 Pikeman
31:46 Squires
33:04 Chain Mail Armor
33:24 Iron Casting
33:06 Halberdier
34:27 Plate Mail Armor
34:32 Kataparuto
34:32 Conscription
35:21 Blast Furnace
35:02 Elite Samurai
37:31 Siege Engineers
37:17 Guard Tower
38:34 Chemistry
37:25 Fletching
39:24 Bodkin Arrow
41:04 Bracer
41:52 Keep
41:28 Masonry
41:14 Murder Holes
43:30 Padded Archer Armor
43:34 Yasama
46:27 Yasama
49:39 Two-Man Saw
49:32 Coinage
50:43 Banking
Culega
10:38 Feudal Age
11:42 Double-Bit Axe
12:13 Horse Collar
14:40 Castle Age
17:28 Wheelbarrow
19:37 Hand Cart
22:25 Loom
25:57 Bow Saw
26:47 Heavy Plow
29:51 Imperial Age
27:29 Stone Mining
27:29 Gold Mining
27:36 Gold Mining
28:04 Padded Archer Armor
27:55 Fletching
29:08 Forging
29:16 Leather Archer Armor
29:28 Bodkin Arrow
31:07 Medical Corps
31:47 Bracer
32:17 Ring Archer Armor
32:11 Conscription
32:26 Ballistics
31:43 Elite Elephant Archer
34:18 Two-Man Saw
33:50 Ring Archer Armor
34:58 Thumb Ring
37:57 Chemistry
45:33 Caravan
47:39 Guilds
47:24 Siege Elephant
50:20 Scale Barding Armor
52:13 Chain Barding Armor
54:20 Forging
60:40 Onager
TIRA-ONDA
10:54 Feudal Age
14:53 Castle Age
12:46 Double-Bit Axe
13:37 Horse Collar
16:01 Bow Saw
16:26 Heavy Plow
20:37 Loom
22:16 Wheelbarrow
23:43 Loom
24:19 Hand Cart
24:11 Gold Mining
24:11 Stone Mining
26:22 Town Watch
29:22 Imperial Age
29:27 Elite Skirmisher
31:15 Chemistry
30:36 Ballistics
29:59 Treadmill Crane
30:39 Ballistics
30:29 Masonry
30:12 Fletching
32:23 Crop Rotation
33:28 Two-Man Saw
32:47 Fervor
33:25 Bombard Tower
33:21 Guard Tower
34:01 Block Printing
34:13 Illumination
34:55 Sanctity
35:15 Squires
34:35 Pikeman
37:10 Architecture
39:15 Conscription
38:30 Onager
39:43 Redemption
40:23 Stone Shaft Mining
41:15 Scale Mail Armor
41:26 Forging
43:32 Guilds
43:23 Caravan
42:48 Halberdier
44:26 Bodkin Arrow
44:32 Padded Archer Armor
44:48 Chain Mail Armor
46:34 Chain Mail Armor
46:54 Iron Casting
47:41 Arson
49:28 Bracer
49:28 Padded Archer Armor
51:25 Leather Archer Armor
51:16 Scale Barding Armor
54:29 Ring Archer Armor
54:19 Chain Barding Armor
58:18 Plate Barding Armor
62:48 Coinage
64:13 Banking
Glorious
5:18 Loom
12:23 Feudal Age
15:15 Castle Age
13:03 Double-Bit Axe
12:59 Horse Collar
16:16 Bow Saw
17:34 Heavy Plow
20:14 Wheelbarrow
19:41 Stone Mining
25:09 Gold Mining
25:56 Stone Shaft Mining
25:31 Scale Barding Armor
29:46 Imperial Age
27:57 Hand Cart
28:10 Chain Barding Armor
28:16 Fortified Wall
29:09 Gold Shaft Mining
29:25 Ballistics
29:17 Masonry
29:19 Forging
30:21 Husbandry
30:34 Bloodlines
31:28 Chemistry
31:04 Plate Barding Armor
31:04 Crop Rotation
31:13 Iron Casting
30:26 Elite Ballista Elephant
31:07 Light Cavalry
32:59 Double Crossbow
33:25 Conscription
33:36 Hussar
37:23 Blast Furnace
36:14 Fletching
38:22 Town Watch
38:34 Bodkin Arrow
41:14 Bracer
54:29 Caravan
Comend x comend
8:51 Loom
11:07 Feudal Age
11:45 Horse Collar
15:38 Castle Age
15:11 Double-Bit Axe
17:13 Bow Saw
17:36 Heavy Plow
21:25 Wheelbarrow
21:42 Gold Mining
24:05 Gold Shaft Mining
25:33 Murder Holes
25:51 Fortified Wall
29:04 Imperial Age
28:00 Hand Cart
27:32 Town Watch
28:14 Bloodlines
28:05 Husbandry
28:47 Forging
28:43 Scale Barding Armor
29:08 Elite Battle Elephant
29:55 Paiks
30:11 Conscription
31:49 Iron Casting
31:34 Chain Barding Armor
31:42 Chain Barding Armor
32:51 Crop Rotation
33:07 Town Patrol
36:07 Blast Furnace
37:20 Plate Barding Armor
42:48 Chemistry
42:41 Light Cavalry
43:33 Siege Elephant
47:47 Caravan
50:24 Padded Archer Armor
50:15 Fletching
50:28 Elite Skirmisher
53:15 Two-Man Saw
52:54 Bodkin Arrow
53:14 Leather Archer Armor
Joestar
6:53 Loom
9:39 Feudal Age
12:47 Wheelbarrow
12:02 Double-Bit Axe
15:38 Horse Collar
20:57 Castle Age
19:46 Forging
19:42 Scale Barding Armor
19:29 Town Watch
22:30 Iron Casting
22:20 Bloodlines
23:07 Gold Mining
24:09 Chain Barding Armor
25:05 Gold Shaft Mining
26:15 Bow Saw
26:32 Hand Cart
29:19 Imperial Age
28:23 Hand Cart
29:24 Cavalier
30:10 Scale Mail Armor
31:11 Blast Furnace
32:22 Plate Barding Armor
32:34 Town Patrol
38:54 Paladin
39:44 Stone Mining
43:55 Light Cavalry
46:27 Hussar
57:03 Caravan
Karzul
11:14 Feudal Age
11:58 Double-Bit Axe
15:02 Castle Age
12:54 Horse Collar
16:15 Bow Saw
18:29 Scale Mail Armor
21:27 Wheelbarrow
22:14 Squires
26:16 Hand Cart
28:03 Town Watch
31:12 Imperial Age
30:11 Heavy Plow
30:18 Fletching
30:32 Loom
31:23 Ballistics
31:34 Bodkin Arrow
30:59 Crossbowman
31:35 Gold Mining
31:37 Stone Mining
33:11 Chemistry
33:44 Arbalester
34:11 Elite Skirmisher
35:00 Thumb Ring
35:18 Chain Mail Armor
35:05 Bracer
36:00 Masonry
36:01 Fortified Wall
37:07 Conscription
41:22 Eupseong
41:09 Arrowslits
41:50 Murder Holes
42:00 Siege Engineers
44:34 Architecture
43:46 Treadmill Crane
47:54 Two-Man Saw
47:40 Murder Holes
47:39 Capped Ram
50:08 Shinkichon
50:22 Shinkichon
49:28 Heavy Rocket Cart
50:47 Pikeman
51:43 Chain Mail Armor
51:38 Forging
51:42 Halberdier
52:55 Plate Mail Armor
54:03 Iron Casting
58:47 Guilds
58:37 Caravan
Connection lost

Rejoining the realm…

Still unreachable

The connection could not be restored.

Session expired

The server has moved on; the page needs a fresh start.